 Dungeon Crawl Stone Soup version 0.30-a0-223-gcb0039aa0c (webtiles) character file.

Game seed: 10704619612427530614

48 qw the Chopper (level 3, -1/23 HPs)
             Began as a Gargoyle Fighter on Oct 9, 2022.
             Slain by a gnoll
             ... wielding a +1 spear of freezing
              (2 damage)
             ... on level 2 of the Dungeon.
             The game lasted 00:00:27 (1365 turns).

qw the Chopper (Gargoyle Fighter)                   Turns: 1365, Time: 00:00:28

Health: -1/23      AC: 10    Str: 21    XL:     3   Next: 72%
Magic:  3/3        EV:  9    Int:  8    God:
Gold:   39         SH:  4    Dex:  9    Spells: 2/2 levels left

rFire   . . .      SeeInvis .    Y - +0 war axe
rCold   . . .      Faith    .    c - +0 buckler
rNeg    + . .      Spirit   .    b - +0 scale mail
rPois   inf        Reflect  .    (no helmet)
rElec   +          Harm     .    (no cloak)
rCorr   .          Rampage  .    (no gloves)
Will    .....                    (no boots)
Stlth   ..........               (no amulet)
HPRegen 0.23/turn                (no ring)
MPRegen 0.08/turn                (no ring)

@: no status effects
A: sickness immunity, AC +3, negative energy resistance 1, electricity
resistance, torment resistance 1, petrification resistance
a: no special abilities


You were on level 2 of the Dungeon.
You visited 1 branch of the dungeon, and saw 2 of its levels.

You collected 39 gold pieces.


Innate Abilities, Weirdness & Mutations

You are immune to sickness and miasma.
Your stone body is resilient. (AC +3)
You are immune to poison.
You resist negative energy. (rN+)
You are resistant to electric shocks. (rElec)
You are resistant to unholy torment.
You are immune to petrification.


   Skills:
 - Level 3.2 Fighting
 + Level 3.6 Axes
 - Level 3.2 Armour
 - Level 3.2 Shields


You had 2 spell levels left.
You didn't know any spells.
Your spell library was empty.

Inventory:

Hand Weapons
 k - a +0 whip
 Y - a +0 war axe (weapon)
Armour
 b - a +0 scale mail (worn)
 c - a +0 buckler (worn)
Scrolls
 a - a scroll of identify
 e - 2 scrolls of silence {unknown}
Potions
 d - 2 potions of might
 h - a potion of lignification
 i - a potion of curing {unknown}
 j - a potion of attraction {unknown}

Dungeon Overview and Level Annotations

Branches:
Dungeon (2/15)

Altars:


Message History

Enter note: You barely miss the endoplasm.
The endoplasm hits you but does no damage. x2
You slash the endoplasm!
You kill the endoplasm!
A dart slug comes into view.
1249 ||| Stepping ~*~*~tactically~*~*~ (hiding).
You start waiting.
A dart slug is nearby!
You barely miss the dart slug.
The dart slug bites you but does no damage.
You slash the dart slug!
You kill the dart slug!
You start waiting.
Done waiting.
A gnoll comes into view. It is wielding a +1 spear of freezing.
A gnoll comes into view. It is wielding a +0 club.
The gnoll shouts! x2
The gnoll barely misses you.
You closely miss the gnoll. The gnoll hits you but does no damage.
You hit the gnoll but do no damage. The gnoll closely misses you.
The gnoll hits you with a +0 club.
A gnoll comes into view. It is wielding a +0 spear.
The gnoll hits you with a +0 club. You block the gnoll's attack.
You slash the gnoll!
The gnoll is severely wounded.
The gnoll hits you from afar with a +1 spear of freezing.
The gnoll freezes you. The gnoll hits you with a +0 club.
You closely miss the gnoll.
The gnoll is severely wounded.
The gnoll barely misses you. The gnoll closely misses you.
You slash the gnoll!
You kill the gnoll!
The gnoll hits you but does no damage.
The gnoll hits you from afar with a +1 spear of freezing!
The gnoll freezes you.
The gnoll hits you with a +1 spear of freezing.
The gnoll freezes you.
You die...

####...........# #.##.###.# #.#
...............# #.#....#.# #.#
.#####.%)).....# #.#..#.#.# #.#
####..#.......# #.#..#.#.# #.#
#....##........ ..#..#.#.# #.#
...#####.......#####..#.#.# #.#
..######.......+w.....#...# #.#
...........#...######%#########.#
..####.###.#...g@...............#
....P.%..#.#..g..)...############
..#...%....#.........#
#.P.......%#########
.....(......<.......
.........#.######### ..#...P..#.#
..P###.###.# ... .... ...


You could see 2 gnolls.

Vanquished Creatures
  A gnoll (D:2)
  A dart slug (D:2)
  5 bats
  2 endoplasms (D:2)
  A giant cockroach (D:1)
  2 goblins (D:1)
  2 hobgoblins (D:1)
  4 jackals (D:1)
  4 kobolds
  A quokka (D:1)
  7 ball pythons
  3 frilled lizards (D:1)
  2 rats
35 creatures vanquished.

Vanquished Creatures (others)
  4 plants (D:2)
4 creatures vanquished.

Grand Total: 39 creatures vanquished

Notes
Turn   | Place    | Note
-------+----------+-------------------------------------------
     0 | D:1      | qw the Gargoyle Fighter began the quest for the Orb.
     0 | D:1      | Reached XP level 1. HP: 14/14 MP: 1/1
     0 | D:1      | 0 ||| qw: Version: 0.2-a-17-g06abaee
     0 | D:1      | 0 ||| qw: Game counter: 2190
     0 | D:1      | 0 ||| qw: Always use a shield: true
     0 | D:1      | 0 ||| qw: God list: Okawaru
     0 | D:1      | 0 ||| qw: Allow faded altars: false
     0 | D:1      | 0 ||| qw: Do Orc after D:15 true
     0 | D:1      | 0 ||| qw: Do second Lair branch before Depths: true
     0 | D:1      | 0 ||| qw: Lair rune preference: random
     0 | D:1      | 0 ||| qw: Plans: Normal, Zot:1-4, God:TSO, Crypt, Tomb,
                  | Pan, Slime:5, Hells, Abyss, Orb
     0 | D:1      | 0 ||| PLANNING D:1-11
    87 | D:1      | 87 ||| Stepping ~*~*~tactically~*~*~ (stealth).
    99 | D:1      | Reached XP level 2. HP: 15/19 MP: 2/2
   140 | D:1      | 140 ||| Stepping ~*~*~tactically~*~*~ (stealth).
   353 | D:1      | Found a faded altar of an unknown god.
   508 | D:1      | 508 ||| DROPPING +0 club.
   832 | D:1      | Reached skill level 3 in Axes
   832 | D:1      | 832 ||| Stepping ~*~*~tactically~*~*~ (stealth).
   834 | D:1      | 834 ||| Stepping ~*~*~tactically~*~*~ (stealth).
   843 | D:1      | Reached XP level 3. HP: 23/23 MP: 3/3
   962 | D:1      | 962 ||| READING 3 scrolls labelled UPTEYRPH NUCLAM.
   963 | D:1      | 963 ||| DRINKING 2 grey potions.
  1002 | D:1      | 1002 ||| READING 2 scrolls of identify.
  1002 | D:1      | 1002 ||| IDENTIFYING clear potion
  1003 | D:1      | 1003 ||| DROPPING potion of degeneration.
  1041 | D:2      | 1041 ||| STAIRDANCE
  1249 | D:2      | 1249 ||| Stepping ~*~*~tactically~*~*~ (hiding).
  1364 | D:2      | HP: 5/23 [gnoll/+1 spear of freezing (3)]
  1365 | D:2      | HP: 1/23 [gnoll/+1 spear of freezing (4)]
  1365 | D:2      | Slain by a gnoll

Levels and vault maps discovered:
D:1:      scummos_arrival_hexagon, layout_basic,
          hellmonk_ecumenical_altar_zigzags, st_stairs_5,
          minmay_misc_feat_diagonals
D:2:      cheibrodos_old_hovel, layout_basic

Skill      XL: |  1  2 |
---------------+-------+-----
Axes           | 2 3 |  3.6
Fighting       | |  3.2
Armour         | |  3.2
Shields        | |  3.2

Action                   || total
-------------------------++-------
Melee: War axe           ||   106
  Use: Scroll            ||     2
       Potion            ||     1
Armor: Scale mail        ||    62
Dodge: Dodged            ||    56
Block: Buckler           ||    22

Table legend:
 A = Non-vault XP
 B = Vault XP
 C = Vault XP percentage of total XP
 D = Non-vault monster count
 E = Vault monster count
 F = Vault count percentage of total count
                 A         B        C        D         E       F
            +---------+---------+-------+---------+---------+-------
      Total |      65 |       4 |   5.8 |      32 |       3 |   8.6
            +---------+---------+-------+---------+---------+-------
        D:1 |      33 |       3 |   8.3 |      20 |       2 |   9.1
        D:2 |      32 |       1 |   3.0 |      12 |       1 |   7.7
            +---------+---------+-------+---------+---------+-------
